 Dungeon Crawl Stone Soup version 0.19.5 (webtiles) character file.

514 sveltemanboy the Slasher (level 7, -3/50 HPs)
             Began as a Demonspawn Gladiator on Mar 26, 2017.
             Was an Initiate of Okawaru.
             Killed by divine providence
             ... invoked by an orc priest
              (11 damage)
             ... on level 5 of the Dungeon.
             The game lasted 00:13:59 (6086 turns).

sveltemanboy the Slasher (Demonspawn Gladiator)     Turns: 6086, Time: 00:14:00

Health: -3/50      AC:  6    Str: 13    XL:     7   Next: 0%
Magic:  9/9        EV: 11    Int: 11    God:    Okawaru [......]
Gold:   245        SH:  0    Dex: 13    Spells: 0 memorised, 6 levels left

rFire  + . .     SeeInvis .     b - +2 dagger (drain)
rCold  . . .     Gourm    .     i - +1 ring mail
rNeg   . . .     Faith    .     (no shield)
rPois  .         Spirit   .     (helmet restricted)
rElec  .         Reflect  .     (no cloak)
rCorr  .         Harm     .     (no gloves)
MR     .....                    (no boots)
Stlth  +++.......               r - amulet of magic regeneration
                                o - -3 ring of strength (curse)
                                c - ring of protection from fire

@: no status effects
A: antennae 1, talons 1, demonic guardian 1, nightstalker 2
a: Renounce Religion


You were on level 5 of the Dungeon.
You worshipped Okawaru.
Okawaru was noncommittal.
You were not hungry.

You visited 1 branch of the dungeon, and saw 6 of its levels.

You collected 245 gold pieces.

Inventory:

Hand Weapons
 a - a +1 long sword
 b - a +2 dagger of draining (weapon)
Missiles
 d - 2 throwing nets
 l - 18 tomahawks (quivered)
Armour
 h - a +0 buckler
 i - a +1 ring mail (worn)
Jewellery
 c - a ring of protection from fire (left hand)
 m - an uncursed ring of see invisible
 n - an uncursed ring of protection from cold
 o - a cursed -3 ring of strength (right hand)
 r - an amulet of magic regeneration (around neck)
 x - an uncursed ring of protection from cold
Wands
 t - a wand of paralysis (3/24)
Scrolls
 g - 2 scrolls of enchant weapon
 p - 3 scrolls of teleportation
 u - 2 scrolls of enchant armour
 v - 4 scrolls of identify
Potions
 e - 3 potions of haste
 j - a potion of lignification
 k - a potion of agility
 s - 2 potions of invisibility {unknown}
 w - a potion of cure mutation {unknown}
Comestibles
 f - 3 bread rations


   Skills:
 - Level 2.0 Fighting
 + Level 6.3 Long Blades
 - Level 1.7 Throwing
 - Level 2.1 Armour
 - Level 2.6 Dodging
 - Level 0.4 Stealth
 - Level 3.1 Invocations


You had 6 spell levels left.
You didn't know any spells.

Dungeon Overview and Level Annotations

Branches:
Dungeon (6/15)             Temple (0/1) D:5

Altars:
Hepliaklqana
Makhleb
Okawaru
The Shining One


Innate Abilities, Weirdness & Mutations

You have a pair of small antennae on your head.
You have sharp toenails.
A weak demonic guardian rushes to your aid.
You are significantly more attuned to the shadows.


Message History

The orc throws a tomahawk.
The tomahawk hits you.
You see here a tomahawk.
You swap places.
The orc priest calls down the wrath of Beogh upon you.
Beogh smites you!
* * * LOW HITPOINT WARNING * * *
The ogre barely misses your iron imp.
You hear a shout!
Your iron imp closely misses the orc.
The orc priest closely misses your iron imp.
The orc wizard gestures at you while chanting.
Your iron imp seems to slow down.
The ogre closely misses your iron imp.
The orc priest calls upon Beogh to heal something.
Your iron imp barely misses the orc.
The orc hits your iron imp but does no damage.
The ogre hits your iron imp with a giant club!
The orc priest calls down the wrath of Beogh upon you.
Beogh smites you!
You die...

#.........)...........
#...............<..#..
#..................#..
###...###...##.....#..
#...###+####.....#..
#.........##.....#..
#................#..
###.###...##.....#..
########@########.....'..
#......#...# #.....#..
#......#o..# #.....#..
#.....##..###+#########..
#.....##5.##...## #..
#.....#oOo......# #..
#.....#o.......# #+# #..
#..............##... #..
####+#....###...PPP.. #..


You could see an ogre, an orc priest, 2 orcs and a friendly iron imp.

Vanquished Creatures
  An ogre (D:4)
  A scorpion (D:4)
  A hound (D:5)
  A jelly (D:3)
  An orc wizard (D:3)
  An iguana (D:4)
  3 worker ants (D:4)
  A hound skeleton (D:4)
  Robin (D:3)
  2 adders
  A shadow imp (D:5)
  An ooze (D:2)
  An adder skeleton (D:4)
  3 worms (D:2)
  5 dart slugs
  3 leopard geckos
  12 orcs
  5 bats
  A giant cockroach (D:2)
  14 goblins
  7 hobgoblins
  4 jackals
  2 quokkas
  2 ball pythons
  A ball python zombie (D:5)
  5 frilled lizards
  11 kobolds
  10 rats
101 creatures vanquished.

Vanquished Creatures (collateral kills)
  An orc priest (D:4)
  An orc wizard (D:4)
2 creatures vanquished.

Grand Total: 103 creatures vanquished

Notes
Turn   | Place    | Note
-------+----------+-------------------------------------------
     0 | D:1      | sveltemanboy the Demonspawn Gladiator began the quest for the Orb.
     0 | D:1      | Reached XP level 1. HP: 16/16 MP: 1/1
    88 | D:1      | Reached skill level 3 in Long Blades
    88 | D:1      | Gained mutation: You have a pair of small antennae on your head. [demonic ancestry]
    88 | D:1      | Reached XP level 2. HP: 22/22 MP: 2/2
   136 | D:1      | Reached skill level 1 in Armour
   660 | D:1      | Gained mutation: You have sharp toenails. [demonic ancestry]
   660 | D:1      | Reached XP level 3. HP: 27/27 MP: 3/3
  1318 | D:2      | Found a hazy altar of Hepliaklqana.
  1785 | D:2      | Gained mutation: You are slightly more attuned to the shadows. [demonic ancestry]
  1785 | D:2      | Reached XP level 4. HP: 33/33 MP: 4/4
  1811 | D:2      | Reached skill level 4 in Long Blades
  2258 | D:3      | Noticed Robin
  2833 | D:3      | Reached XP level 5. HP: 18/38 MP: 5/5
  2846 | D:3      | Killed Robin
  3059 | D:3      | Found an iron altar of Okawaru.
  3073 | D:3      | Became a worshipper of Warmaster Okawaru
  3389 | D:4      | Noticed a phantom
  3399 | D:3      | Reached skill level 1 in Invocations
  3843 | D:4      | Reached skill level 5 in Long Blades
  4077 | D:4      | Gained mutation: A weak demonic guardian rushes to your aid. [demonic ancestry]
  4077 | D:4      | Reached XP level 6. HP: 17/44 MP: 7/7
  4476 | D:4      | Found a burning altar of Makhleb.
  4476 | D:4      | Noticed an Executioner
  4479 | D:4      | Noticed a hellwing
  4479 | D:4      | Noticed a hellwing
  4682 | D:4      | You fall through a shaft for 2 floors!
  4717 | D:5      | Entered Level 5 of the Dungeon
  4733 | D:5      | Found a glowing golden altar of the Shining One.
  5093 | D:4      | Reached skill level 6 in Long Blades
  5553 | D:5      | Gained mutation: You are significantly more attuned to the shadows. [demonic ancestry]
  5553 | D:5      | Reached XP level 7. HP: 34/50 MP: 9/9
  5941 | D:5      | Found a staircase to the Ecumenical Temple.
  6086 | D:5      | Killed from afar by an orc priest

Skill      XL: |  1  2  3  4  5  6 |
---------------+-------------------+-----
Long Blades    | 3 4 5 6 |  6.3
Armour         | 1 2 |  2.1
Invocations    | 2 3 |  3.1
Fighting       | |  2.0
Throwing       | |  1.7
Dodging        | |  2.6
Stealth        | |  0.4

Action                   |  1- 3 |  4- 6 |  7- 9 || total
-------------------------+-------+-------+-------++-------
Melee: Long sword        |   120 |    61 |     2 ||   183
       Kick              |    25 |    54 |     2 ||    81
       Dagger            |       |   141 |     9 ||   150
Throw: Throwing net      |     1 |       |       ||     1
       Tomahawk          |       |     4 |       ||     4
Evoke: Wand              |       |     2 |       ||     2
  Use: Scroll            |     8 |     6 |       ||    14
       Potion            |       |     2 |       ||     2
 Stab: Held in net/web   |     1 |       |       ||     1
       Sleeping          |       |     5 |       ||     5
       Distracted        |       |     2 |       ||     2
       Paralysed         |       |     1 |       ||     1
  Eat: Chunk             |     2 |     7 |       ||     9
       Meat ration       |       |     1 |     1 ||     2
Armor: Ring mail         |    22 |    48 |     3 ||    73
       Leather armour    |     5 |       |       ||     5
Dodge: Dodged            |    66 |    94 |     8 ||   168
       Rpst.: Long sword |    17 |     7 |     1 ||    25
